[ AOE2 MATCH · #477780232 ]
UnrankedBurgundians vs Cumans
[ REPLAY ANALYSIS · EXTRACTED FROM THE RECORDED GAME ]
Feudal
15:50
Castle
19:29
Imperial
28:54
| APM avg | 37.4 |
| APM peak | 74 |
| eAPM avg | 23.9 |
| Villagers / military | 134 / 56 |
Focus
⚔️ 30.6% · 🌾 69.4%
Coustillier ×39 · Fishing Ship ×30 · Unknown (2626) ×20 · Knight ×14 · Scout Cavalry ×3
Feudal
12:11
Castle
21:25
Imperial
38:07
| APM avg | 42.2 |
| APM peak | 77 |
| eAPM avg | 22.4 |
| Villagers / military | 144 / 109 |
Focus
⚔️ 38.1% · 🌾 61.9%
Knight ×58 · Steppe Lancer ×21 · Fire Galley ×14 · Unknown (2626) ×10 · Fishing Ship ×9 · Galley ×8
Feudal
15:13
Castle
21:10
Imperial
36:43
| APM avg | 62.8 |
| APM peak | 100 |
| eAPM avg | 37.4 |
| Villagers / military | 228 / 14 |
Focus
⚔️ 54.0% · 🌾 46.0%
Unknown (1952) ×181 · Fishing Ship ×25 · Unknown (2626) ×16 · Fire Galley ×14 · Unknown (1949) ×6 · Unknown (1942) ×2
Feudal
13:46
Castle
21:31
Imperial
—
| APM avg | 33.0 |
| APM peak | 53 |
| eAPM avg | 19.0 |
| Villagers / military | 193 / 91 |
Focus
⚔️ 33.3% · 🌾 66.7%
Cavalry Archer ×57 · Monk ×13 · Fishing Ship ×12 · Mangonel ×7 · Galley ×6 · Fire Galley ×5
Feudal
14:56
Castle
19:45
Imperial
34:57
| APM avg | 80.0 |
| APM peak | 170 |
| eAPM avg | 51.6 |
| Villagers / military | 230 / 126 |
Focus
⚔️ 48.9% · 🌾 51.1%
Woad Raider ×71 · Fishing Ship ×33 · Scorpion ×27 · Unknown (2626) ×20 · Trade Cog ×16 · Fire Galley ×13
Feudal
14:53
Castle
18:27
Imperial
30:01
| APM avg | 56.3 |
| APM peak | 90 |
| eAPM avg | 31.2 |
| Villagers / military | 163 / 169 |
Focus
⚔️ 43.0% · 🌾 57.0%
Knight ×98 · Camel Scout ×61 · Fishing Ship ×18 · Gbeto ×5 · Unknown (2626) ×4 · Trebuchet (Packed) ×3
Feudal
12:57
Castle
16:28
Imperial
40:59
| APM avg | 49.3 |
| APM peak | 83 |
| eAPM avg | 25.7 |
| Villagers / military | 169 / 125 |
Focus
⚔️ 31.5% · 🌾 68.5%
Archer ×74 · Karambit Warrior ×33 · Fishing Ship ×18 · Battering Ram ×6 · Trebuchet (Packed) ×5 · Spearman ×4
Feudal
16:50
Castle
23:00
Imperial
—
| APM avg | 38.1 |
| APM peak | 91 |
| eAPM avg | 21.4 |
| Villagers / military | 138 / 6 |
Focus
⚔️ 26.0% · 🌾 74.0%
Fishing Ship ×33 · Knight ×2 · Mangonel ×2 · Galley ×1 · Transport Ship ×1
Match map
Initial resources + every placement click. Lines = walls · curves = elevation contours. ◆ gold · ⬟ stone · ● berries · ✦ relic · ◌ wall gap
Your base· Open — 6t gap
Overcome's base· Open — unwalled flank
ELEOS | Xarkey's base· Open — 3t gap
rono's base· Open — 7t gap
ELEOS | ElNoniro's base· Open — 6t gap
Calais's base· Open — unwalled flank
MC MC MC's base· Open — 4t gap
ELEOS | wosm's base· Open — unwalled flank
Smoothed initial terrain · ◌ = detected wall gap · hover for details
Inputs per minute
— Vazero - - Overcome
Build order — Vazero
First 150 of 355 actions detected
| 0:22 | Build | Town Center |
| 1:06 | Build | Dock |
| 1:09 | Build | House |
| 1:15 | Build | Palisade Wall |
| 2:57 | Create | Villager (Male) |
| 2:57 | Create | Villager (Male) |
| 2:57 | Create | Villager (Male) |
| 2:58 | Create | Villager (Male) |
| 3:55 | Create | Fishing Ship |
| 4:20 | Create | Villager (Male) |
| 4:58 | Create | Fishing Ship |
| 5:00 | Research | Loom |
| 5:16 | Build | House |
| 5:29 | Create | Villager (Male) |
| 5:54 | Build | House |
| 6:09 | Create | Villager (Male) |
| 6:09 | Create | Fishing Ship |
| 6:41 | Create | Villager (Male) |
| 6:41 | Create | Villager (Male) |
| 6:47 | Build | Palisade Wall |
| 6:51 | Create | Fishing Ship |
| 7:09 | Create | Villager (Male) |
| 7:32 | Create | Fishing Ship |
| 7:38 | Create | Villager (Male) |
| 7:46 | Build | House |
| 7:58 | Create | Villager (Male) |
| 8:08 | Create | Fishing Ship |
| 8:27 | Create | Villager (Male) |
| 8:36 | Build | House |
| 8:44 | Create | Villager (Male) |
| 8:45 | Create | Fishing Ship |
| 9:14 | Create | Villager (Male) |
| 9:24 | Build | Dock |
| 9:27 | Create | Villager (Male) |
| 9:36 | Create | Fishing Ship |
| 10:07 | Create | Fishing Ship |
| 10:08 | Create | Villager (Male) |
| 10:15 | Build | House |
| 10:24 | Create | Villager (Male) |
| 10:35 | Create | Fishing Ship |
| 10:44 | Create | Villager (Male) |
| 10:44 | Create | Fishing Ship |
| 10:57 | Build | House |
| 11:15 | Create | Fishing Ship |
| 11:16 | Create | Villager (Male) |
| 11:32 | Build | House |
| 11:33 | Create | Villager (Male) |
| 11:36 | Create | Fishing Ship |
| 11:46 | Create | Fishing Ship |
| 12:04 | Create | Villager (Male) |
| 12:16 | Build | Dock |
| 12:23 | Build | House |
| 12:35 | Create | Fishing Ship |
| 12:35 | Create | Villager (Male) |
| 12:52 | Build | Lumber Camp |
| 12:57 | Create | Villager (Male) |
| 13:20 | Create | Fishing Ship |
| 13:21 | Create | Villager (Male) |
| 13:25 | Build | House |
| 13:27 | Create | Villager (Male) |
| 13:40 | Research | Feudal Age |
| 13:59 | Create | Fishing Ship |
| 13:59 | Create | Fishing Ship |
| 14:10 | Build | Mill |
| 14:37 | Research | Double-Bit Axe |
| 15:16 | Create | Villager (Male) |
| 15:17 | Create | Villager (Male) |
| 15:50 | Age | Feudal Age |
| 15:52 | Build | Market |
| 15:53 | Build | Blacksmith |
| 15:59 | Research | Bow Saw |
| 16:27 | Research | Tech 906 |
| 16:49 | Research | Castle Age |
| 16:54 | Build | Lumber Camp |
| 17:07 | Create | Unit 2626 |
| 17:07 | Create | Unit 2626 |
| 17:08 | Create | Unit 2626 |
| 17:20 | Create | Unit 2626 |
| 17:25 | Create | Villager (Male) |
| 17:26 | Create | Villager (Male) |
| 17:39 | Research | Gillnets |
| 18:03 | Create | Unit 2626 |
| 18:04 | Create | Unit 2626 |
| 18:11 | Create | Unit 2626 |
| 18:48 | Create | Unit 2626 |
| 18:48 | Create | Unit 2626 |
| 18:48 | Create | Unit 2626 |
| 18:53 | Build | House |
| 18:54 | Build | House |
| 19:29 | Age | Castle Age |
| 19:33 | Build | Town Center |
| 19:39 | Build | Palisade Wall |
| 19:41 | Build | Palisade Gate |
| 19:44 | Build | House |
| 19:48 | Build | Palisade Wall |
| 20:08 | Create | Villager (Male) |
| 20:15 | Research | War Galley (upgrade) |
| 20:15 | Research | War Galley (upgrade) |
| 20:30 | Create | Unit 2626 |
| 20:30 | Create | Unit 2626 |
| 20:31 | Create | Villager (Male) |
| 20:35 | Create | Villager (Male) |
| 20:43 | Create | Villager (Male) |
| 20:52 | Create | Unit 2626 |
| 21:00 | Create | Unit 2626 |
| 21:18 | Create | Unit 2626 |
| 21:18 | Create | Unit 2626 |
| 21:44 | Create | Villager (Male) |
| 21:45 | Create | Villager (Male) |
| 21:45 | Create | Villager (Male) |
| 21:45 | Create | Villager (Male) |
| 21:57 | Create | Unit 2626 |
| 21:58 | Create | Unit 2626 |
| 21:58 | Create | Unit 2626 |
| 21:59 | Create | Unit 2626 |
| 22:14 | Create | Villager (Male) |
| 22:21 | Build | Town Center |
| 22:22 | Create | Villager (Male) |
| 22:22 | Create | Villager (Male) |
| 22:33 | Create | Villager (Male) |
| 22:51 | Create | Villager (Male) |
| 23:16 | Build | House |
| 23:17 | Build | House |
| 23:21 | Create | Villager (Male) |
| 23:22 | Create | Villager (Male) |
| 23:22 | Create | Villager (Male) |
| 23:28 | Create | Villager (Male) |
| 23:30 | Build | House |
| 23:31 | Build | House |
| 23:33 | Build | House |
| 23:36 | Build | Barracks |
| 23:38 | Create | Villager (Male) |
| 23:47 | Build | Monastery |
| 24:12 | Create | Villager (Male) |
| 24:14 | Create | Villager (Male) |
| 24:23 | Build | Stable |
| 24:26 | Build | House |
| 24:30 | Build | House |
| 24:38 | Build | House |
| 24:42 | Build | Stone Wall |
| 24:43 | Create | Villager (Male) |
| 24:43 | Create | Villager (Male) |
| 24:44 | Create | Villager (Male) |
| 24:45 | Create | Villager (Male) |
| 24:51 | Build | University |
| 24:54 | Create | Villager (Male) |
| 24:54 | Create | Villager (Male) |
| 25:07 | Research | Wheelbarrow |
| 25:28 | Research | Imperial Age |
| 25:32 | Research | Husbandry |
Build order — Overcome
First 150 of 497 actions detected
| 0:11 | Build | Town Center |
| 0:23 | Build | Dock |
| 0:24 | Build | House |
| 1:46 | Build | Palisade Wall |
| 1:47 | Build | Palisade Wall |
| 2:30 | Create | Villager (Male) |
| 2:30 | Create | Villager (Male) |
| 2:31 | Create | Villager (Male) |
| 2:34 | Create | Villager (Male) |
| 3:38 | Create | Fishing Ship |
| 3:40 | Create | Villager (Male) |
| 4:29 | Create | Villager (Male) |
| 4:35 | Build | House |
| 4:51 | Create | Villager (Male) |
| 5:20 | Create | Villager (Male) |
| 5:30 | Create | Fishing Ship |
| 5:44 | Build | House |
| 5:46 | Create | Villager (Male) |
| 6:13 | Create | Villager (Male) |
| 6:25 | Build | Palisade Wall |
| 6:27 | Create | Fishing Ship |
| 6:39 | Create | Villager (Male) |
| 6:55 | Build | House |
| 6:57 | Create | Villager (Male) |
| 7:06 | Create | Fishing Ship |
| 7:22 | Create | Villager (Male) |
| 7:42 | Create | Villager (Male) |
| 7:46 | Create | Fishing Ship |
| 8:00 | Build | Lumber Camp |
| 8:13 | Build | House |
| 8:19 | Create | Villager (Male) |
| 8:28 | Create | Fishing Ship |
| 8:37 | Create | Villager (Male) |
| 9:01 | Create | Fishing Ship |
| 9:07 | Create | Villager (Male) |
| 10:01 | Research | Feudal Age |
| 10:01 | Research | Feudal Age |
| 10:08 | Build | Mining Camp |
| 10:17 | Build | House |
| 10:40 | Build | Dock |
| 11:22 | Build | House |
| 11:29 | Create | Villager (Male) |
| 12:11 | Age | Feudal Age |
| 12:11 | Create | Fire Galley |
| 12:12 | Create | Fire Galley |
| 12:14 | Research | Double-Bit Axe |
| 12:14 | Research | Tech 906 |
| 12:16 | Create | Villager (Male) |
| 12:41 | Build | Town Center |
| 12:43 | Create | Villager (Male) |
| 12:52 | Create | Fire Galley |
| 12:53 | Create | Fire Galley |
| 12:54 | Create | Villager (Male) |
| 13:13 | Create | Fire Galley |
| 13:26 | Create | Villager (Male) |
| 13:29 | Build | Lumber Camp |
| 13:48 | Create | Fire Galley |
| 13:50 | Create | Villager (Male) |
| 14:09 | Create | Villager (Male) |
| 14:11 | Build | House |
| 14:19 | Create | Fishing Ship |
| 14:46 | Create | Villager (Male) |
| 14:48 | Build | House |
| 14:53 | Create | Fishing Ship |
| 14:55 | Create | Villager (Male) |
| 15:01 | Build | Mill |
| 15:05 | Create | Villager (Male) |
| 15:16 | Create | Villager (Male) |
| 15:18 | Build | House |
| 15:31 | Create | Villager (Male) |
| 15:50 | Build | Barracks |
| 15:51 | Create | Villager (Male) |
| 16:10 | Create | Villager (Male) |
| 16:23 | Create | Villager (Male) |
| 16:25 | Build | Farm |
| 16:26 | Build | Farm |
| 16:27 | Build | Farm |
| 16:28 | Build | Farm |
| 16:28 | Build | Farm |
| 16:29 | Build | Farm |
| 16:30 | Create | Villager (Male) |
| 16:44 | Create | Villager (Male) |
| 17:03 | Create | Villager (Male) |
| 17:13 | Build | Farm |
| 17:14 | Build | Farm |
| 17:16 | Build | Farm |
| 17:19 | Build | Farm |
| 17:20 | Build | Farm |
| 17:21 | Create | Villager (Male) |
| 17:30 | Create | Villager (Male) |
| 17:32 | Create | Villager (Male) |
| 17:57 | Create | Unit 2626 |
| 18:02 | Build | Stable |
| 18:03 | Create | Villager (Male) |
| 18:06 | Build | Blacksmith |
| 18:15 | Create | Unit 2626 |
| 18:20 | Create | Villager (Male) |
| 18:45 | Research | Castle Age |
| 18:47 | Create | Villager (Male) |
| 18:57 | Research | Fletching |
| 18:57 | Research | Fletching |
| 19:04 | Create | Unit 2626 |
| 19:09 | Build | Dock |
| 19:25 | Create | Unit 2626 |
| 19:27 | Create | Villager (Male) |
| 19:32 | Research | Bloodlines |
| 19:33 | Research | Scale Barding Armor |
| 19:55 | Create | Villager (Male) |
| 19:59 | Build | House |
| 20:15 | Create | Unit 2626 |
| 20:23 | Research | Horse Collar |
| 20:25 | Build | Farm |
| 20:26 | Build | Farm |
| 20:28 | Build | House |
| 20:30 | Create | Villager (Male) |
| 20:33 | Build | House |
| 20:40 | Build | Stable |
| 20:44 | Build | Farm |
| 20:46 | Research | Wheelbarrow |
| 20:46 | Research | Wheelbarrow |
| 20:48 | Create | Villager (Male) |
| 21:09 | Build | Farm |
| 21:11 | Build | Farm |
| 21:12 | Build | Farm |
| 21:13 | Build | Farm |
| 21:25 | Age | Castle Age |
| 21:27 | Create | Steppe Lancer |
| 21:27 | Create | Steppe Lancer |
| 21:28 | Research | Chain Barding Armor |
| 21:28 | Research | Chain Barding Armor |
| 21:32 | Build | Farm |
| 21:34 | Create | Villager (Male) |
| 21:34 | Create | Villager (Male) |
| 21:39 | Build | Farm |
| 21:40 | Create | Villager (Male) |
| 21:55 | Create | Steppe Lancer |
| 21:55 | Create | Steppe Lancer |
| 22:01 | Build | Farm |
| 22:02 | Create | Steppe Lancer |
| 22:09 | Create | Villager (Male) |
| 22:34 | Create | Steppe Lancer |
| 22:34 | Create | Steppe Lancer |
| 22:35 | Create | Villager (Male) |
| 22:38 | Build | Farm |
| 22:39 | Build | Farm |
| 22:40 | Build | Farm |
| 22:46 | Create | Steppe Lancer |
| 22:46 | Create | Steppe Lancer |
| 22:46 | Create | Steppe Lancer |
| 22:58 | Create | Villager (Male) |
Build order — ELEOS | Xarkey
First 150 of 535 actions detected
| 0:21 | Build | Town Center |
| 0:58 | Build | Dock |
| 2:22 | Build | House |
| 2:37 | Create | Villager (Male) ×4 |
| 3:43 | Create | Villager (Male) |
| 3:50 | Create | Fishing Ship |
| 4:20 | Build | House |
| 4:43 | Create | Villager (Male) |
| 5:04 | Create | Fishing Ship |
| 5:16 | Create | Villager (Male) |
| 5:44 | Create | Fishing Ship |
| 5:47 | Create | Villager (Male) |
| 5:47 | Create | Villager (Male) |
| 5:56 | Build | House |
| 6:14 | Create | Villager (Male) |
| 6:14 | Create | Villager (Male) |
| 6:38 | Create | Fishing Ship |
| 6:45 | Create | Villager (Male) |
| 7:10 | Create | Fishing Ship |
| 7:11 | Create | Villager (Male) |
| 7:16 | Build | House |
| 7:35 | Create | Villager (Male) |
| 7:35 | Create | Villager (Male) |
| 7:54 | Create | Fishing Ship |
| 7:59 | Create | Villager (Male) |
| 7:59 | Create | Villager (Male) |
| 8:19 | Create | Fishing Ship |
| 8:27 | Create | Villager (Male) |
| 8:44 | Build | House |
| 8:46 | Create | Villager (Male) |
| 8:53 | Build | Dock |
| 9:01 | Create | Villager (Male) |
| 9:13 | Create | Fishing Ship |
| 9:22 | Create | Villager (Male) |
| 9:30 | Create | Fishing Ship |
| 9:38 | Create | Villager (Male) |
| 9:43 | Build | House |
| 9:56 | Build | Lumber Camp |
| 10:05 | Create | Villager (Male) |
| 10:05 | Create | Villager (Male) |
| 10:23 | Create | Villager (Male) |
| 10:24 | Create | Fishing Ship |
| 10:38 | Create | Fishing Ship |
| 10:43 | Create | Villager (Male) |
| 10:55 | Create | Fishing Ship |
| 10:56 | Create | Villager (Male) |
| 11:08 | Build | House |
| 11:21 | Create | Fishing Ship |
| 11:41 | Build | Dock |
| 11:42 | Create | Villager (Male) |
| 11:47 | Create | Fishing Ship |
| 12:26 | Create | Villager (Male) |
| 12:30 | Create | Fishing Ship |
| 12:31 | Create | Fishing Ship |
| 12:33 | Build | House |
| 12:33 | Build | House |
| 12:38 | Build | House |
| 12:53 | Create | Fishing Ship |
| 13:03 | Research | Feudal Age |
| 13:04 | Research | Feudal Age |
| 13:07 | Build | House |
| 13:28 | Create | Villager (Male) |
| 13:34 | Build | Mining Camp |
| 13:37 | Build | Mining Camp |
| 13:40 | Build | House |
| 13:41 | Build | Palisade Wall |
| 13:43 | Build | Palisade Wall |
| 13:46 | Create | Villager (Male) |
| 14:00 | Build | Dock |
| 14:04 | Create | Fishing Ship |
| 14:05 | Create | Fishing Ship |
| 14:10 | Create | Villager (Male) |
| 14:22 | Build | Mill |
| 14:49 | Build | Palisade Wall |
| 15:04 | Build | House |
| 15:05 | Build | House |
| 15:13 | Age | Feudal Age |
| 15:17 | Create | Fire Galley |
| 15:19 | Create | Unit 2626 |
| 15:21 | Create | Fire Galley |
| 15:21 | Create | Fire Galley |
| 15:31 | Create | Villager (Male) |
| 15:34 | Research | Double-Bit Axe |
| 15:35 | Research | Double-Bit Axe |
| 15:52 | Create | Unit 2626 |
| 16:03 | Create | Villager (Male) |
| 16:04 | Create | Villager (Male) |
| 16:15 | Build | House |
| 16:24 | Research | Tech 906 |
| 16:26 | Create | Villager (Male) |
| 16:28 | Build | Market |
| 16:36 | Create | Villager (Male) |
| 17:26 | Build | Blacksmith |
| 17:33 | Create | Unit 2626 |
| 17:34 | Create | Unit 2626 |
| 17:37 | Create | Villager (Male) |
| 17:40 | Create | Unit 2626 |
| 17:40 | Create | Unit 2626 |
| 18:10 | Create | Unit 2626 |
| 18:11 | Create | Unit 2626 |
| 18:11 | Create | Unit 2626 |
| 18:30 | Research | Castle Age |
| 18:30 | Research | Castle Age |
| 18:31 | Create | Unit 2626 |
| 18:31 | Create | Unit 2626 |
| 18:34 | Research | Gold Mining |
| 18:34 | Research | Gold Mining |
| 18:34 | Research | Stone Mining |
| 18:37 | Create | Villager (Male) |
| 18:38 | Create | Villager (Male) |
| 18:40 | Build | Lumber Camp |
| 19:05 | Create | Unit 2626 |
| 19:05 | Create | Unit 2626 |
| 19:26 | Create | Fire Galley |
| 19:45 | Create | Unit 2626 |
| 19:46 | Create | Unit 2626 |
| 19:46 | Create | Unit 2626 |
| 19:49 | Create | Fire Galley |
| 19:49 | Create | Fire Galley |
| 19:49 | Create | Fire Galley |
| 19:51 | Create | Villager (Male) |
| 20:33 | Create | Villager (Male) |
| 20:34 | Create | Villager (Male) |
| 20:34 | Create | Villager (Male) |
| 20:35 | Research | Loom |
| 21:10 | Age | Castle Age |
| 21:17 | Research | War Galley (upgrade) |
| 21:17 | Research | Gillnets |
| 21:18 | Research | Gillnets |
| 21:18 | Research | Bow Saw |
| 21:19 | Research | Bow Saw |
| 21:19 | Create | Villager (Male) |
| 21:24 | Build | Town Center |
| 21:27 | Research | Wheelbarrow |
| 21:29 | Create | Villager (Male) |
| 21:44 | Build | Dock |
| 22:03 | Create | Villager (Male) |
| 22:06 | Build | Town Center |
| 22:10 | Create | Fire Galley |
| 22:10 | Create | Fire Galley |
| 22:10 | Create | Fire Galley |
| 22:20 | Create | Villager (Male) |
| 22:23 | Research | Town Watch |
| 22:30 | Create | Fishing Ship |
| 22:30 | Create | Fishing Ship |
| 22:32 | Build | House |
| 22:33 | Create | Villager (Male) |
| 22:40 | Create | Fire Galley |
| 23:04 | Create | Villager (Male) |
| 23:04 | Create | Villager (Male) |
Build order — rono
First 150 of 460 actions detected
| 0:06 | Build | Town Center |
| 0:13 | Build | House |
| 1:25 | Build | Dock |
| 2:28 | Create | Villager (Male) |
| 2:28 | Create | Villager (Male) ×3 |
| 3:28 | Create | Fishing Ship |
| 4:00 | Create | Villager (Male) |
| 4:17 | Build | House |
| 4:28 | Create | Villager (Male) |
| 4:57 | Create | Villager (Male) |
| 5:17 | Create | Fishing Ship |
| 5:30 | Create | Villager (Male) |
| 5:36 | Build | House |
| 5:55 | Create | Villager (Male) |
| 6:09 | Create | Fishing Ship |
| 6:26 | Create | Villager (Male) |
| 6:47 | Create | Villager (Male) |
| 7:02 | Build | House |
| 7:04 | Create | Fishing Ship |
| 7:22 | Create | Villager (Male) |
| 7:41 | Create | Villager (Male) |
| 7:59 | Create | Villager (Male) |
| 8:08 | Build | Dock |
| 8:15 | Build | Palisade Wall |
| 8:21 | Create | Villager (Male) |
| 8:30 | Create | Fishing Ship |
| 8:45 | Build | House |
| 8:51 | Create | Villager (Male) |
| 8:59 | Create | Fishing Ship |
| 8:59 | Create | Fishing Ship |
| 9:22 | Create | Villager (Male) |
| 9:22 | Create | Villager (Male) |
| 9:37 | Build | House |
| 9:45 | Create | Fishing Ship |
| 9:47 | Build | House |
| 9:50 | Create | Villager (Male) |
| 10:10 | Build | Mining Camp |
| 10:23 | Create | Fishing Ship |
| 10:26 | Create | Villager (Male) |
| 10:30 | Research | Loom |
| 10:53 | Create | Fishing Ship |
| 11:00 | Build | House |
| 11:27 | Create | Villager (Male) |
| 11:36 | Research | Feudal Age |
| 11:58 | Create | Fishing Ship |
| 11:59 | Create | Fishing Ship |
| 12:10 | Build | Lumber Camp |
| 13:15 | Create | Villager (Male) |
| 13:18 | Build | Mill |
| 13:46 | Age | Feudal Age |
| 13:48 | Create | Galley |
| 13:48 | Create | Galley |
| 13:50 | Build | Blacksmith |
| 13:51 | Research | Double-Bit Axe |
| 13:51 | Create | Villager (Male) |
| 14:08 | Create | Fire Galley |
| 14:15 | Create | Villager (Male) |
| 14:21 | Build | Barracks |
| 14:40 | Create | Galley |
| 14:46 | Build | House |
| 15:08 | Create | Villager (Male) |
| 15:19 | Create | Fire Galley |
| 15:26 | Create | Galley |
| 15:28 | Research | Fletching |
| 15:28 | Create | Villager (Male) |
| 15:36 | Build | House |
| 15:42 | Create | Villager (Male) |
| 15:58 | Create | Villager (Male) |
| 15:59 | Create | Galley |
| 16:17 | Create | Villager (Male) |
| 16:18 | Create | Unit 2626 |
| 16:32 | Create | Villager (Male) |
| 16:42 | Create | Galley |
| 16:43 | Create | Villager (Male) |
| 16:57 | Create | Unit 2626 |
| 16:57 | Create | Unit 2626 |
| 17:14 | Create | Unit 2626 |
| 17:26 | Create | Villager (Male) |
| 17:45 | Build | House |
| 17:46 | Create | Villager (Male) |
| 17:47 | Build | House |
| 18:11 | Build | Archery Range |
| 18:32 | Build | Farm |
| 18:33 | Build | Farm |
| 18:51 | Research | Castle Age |
| 18:51 | Research | Castle Age |
| 18:53 | Build | Archery Range |
| 19:25 | Create | Fire Galley |
| 19:25 | Create | Fire Galley |
| 19:33 | Build | House |
| 20:12 | Build | House |
| 20:13 | Create | Villager (Male) |
| 20:16 | Build | Farm |
| 20:18 | Build | Farm |
| 20:22 | Create | Unit 2626 |
| 20:46 | Build | House |
| 21:04 | Build | Farm |
| 21:05 | Build | Farm |
| 21:06 | Build | Farm |
| 21:31 | Age | Castle Age |
| 21:33 | Create | Cavalry Archer |
| 21:33 | Create | Cavalry Archer |
| 21:35 | Build | Town Center |
| 21:37 | Research | Bodkin Arrow |
| 21:41 | Create | Villager (Male) |
| 21:49 | Research | Bow Saw |
| 21:50 | Create | Villager (Male) |
| 22:03 | Create | Villager (Male) |
| 22:06 | Build | Farm |
| 22:06 | Create | Cavalry Archer |
| 22:07 | Create | Cavalry Archer |
| 22:20 | Build | House |
| 22:33 | Research | Gold Mining |
| 22:33 | Create | Villager (Male) |
| 22:43 | Build | House |
| 22:54 | Create | Villager (Male) |
| 22:59 | Create | Villager (Male) |
| 22:59 | Create | Villager (Male) |
| 23:05 | Create | Villager (Male) |
| 23:10 | Build | Town Center |
| 23:14 | Create | Villager (Male) |
| 23:29 | Create | Villager (Male) |
| 23:58 | Create | Villager (Male) |
| 24:10 | Build | Siege Workshop |
| 24:17 | Create | Villager (Male) |
| 24:23 | Build | Lumber Camp |
| 24:47 | Create | Villager (Male) |
| 24:47 | Create | Villager (Male) |
| 24:54 | Create | Cavalry Archer |
| 24:54 | Create | Cavalry Archer |
| 24:58 | Create | Villager (Male) |
| 25:05 | Create | Mangonel |
| 25:08 | Create | Villager (Male) |
| 25:10 | Build | Stable |
| 25:20 | Research | Padded Archer Armor |
| 25:24 | Create | Villager (Male) |
| 25:27 | Build | Farm |
| 25:30 | Build | Farm |
| 25:32 | Build | Farm |
| 25:33 | Create | Villager (Male) |
| 25:34 | Build | Farm |
| 25:36 | Create | Cavalry Archer |
| 25:41 | Create | Cavalry Archer |
| 25:43 | Create | Villager (Male) |
| 25:44 | Create | Villager (Male) |
| 25:52 | Create | Villager (Male) |
| 25:57 | Create | Villager (Male) |
| 26:01 | Create | Mangonel |
| 26:12 | Build | Farm |
| 26:13 | Create | Villager (Male) |
Build order — ELEOS | ElNoniro
First 150 of 645 actions detected
| 0:03 | Build | Town Center |
| 0:37 | Build | Dock |
| 1:48 | Build | House |
| 2:23 | Create | Villager (Male) |
| 2:23 | Create | Villager (Male) |
| 2:23 | Create | Villager (Male) |
| 2:23 | Create | Villager (Male) |
| 3:15 | Create | Fishing Ship |
| 3:39 | Create | Villager (Male) |
| 3:40 | Create | Villager (Male) |
| 3:41 | Build | House |
| 4:15 | Create | Fishing Ship |
| 4:15 | Research | Loom |
| 4:15 | Research | Loom |
| 4:55 | Create | Villager (Male) |
| 4:55 | Create | Villager (Male) |
| 5:14 | Create | Villager (Male) |
| 5:26 | Create | Fishing Ship |
| 5:40 | Create | Villager (Male) |
| 5:50 | Build | House |
| 6:01 | Create | Villager (Male) |
| 6:20 | Create | Villager (Male) |
| 6:27 | Create | Fishing Ship |
| 6:50 | Create | Villager (Male) |
| 6:58 | Create | Fishing Ship |
| 6:59 | Create | Fishing Ship |
| 7:18 | Build | House |
| 7:20 | Build | House |
| 7:23 | Create | Villager (Male) |
| 7:46 | Build | Dock |
| 7:55 | Create | Villager (Male) |
| 7:55 | Create | Fishing Ship |
| 8:19 | Create | Fishing Ship |
| 8:28 | Create | Villager (Male) |
| 8:30 | Create | Fishing Ship |
| 8:34 | Build | House |
| 8:53 | Create | Fishing Ship |
| 8:54 | Create | Villager (Male) |
| 8:58 | Build | Lumber Camp |
| 9:00 | Build | House |
| 9:13 | Create | Fishing Ship |
| 9:13 | Create | Fishing Ship |
| 9:23 | Create | Villager (Male) |
| 9:25 | Create | Villager (Male) |
| 9:25 | Create | Villager (Male) |
| 9:26 | Create | Fishing Ship |
| 9:42 | Create | Villager (Male) |
| 9:54 | Build | House |
| 9:55 | Create | Fishing Ship |
| 10:03 | Create | Fishing Ship |
| 10:03 | Create | Villager (Male) |
| 10:14 | Create | Fishing Ship |
| 10:23 | Create | Villager (Male) |
| 10:33 | Create | Fishing Ship |
| 10:39 | Create | Villager (Male) |
| 10:51 | Build | House |
| 11:04 | Create | Villager (Male) |
| 11:09 | Build | House |
| 11:13 | Build | Dock |
| 11:13 | Create | Villager (Male) |
| 11:14 | Create | Villager (Male) |
| 11:17 | Create | Fishing Ship |
| 11:17 | Create | Fishing Ship |
| 11:18 | Create | Villager (Male) |
| 11:37 | Create | Fishing Ship |
| 11:38 | Create | Villager (Male) |
| 11:52 | Create | Fishing Ship |
| 11:53 | Create | Villager (Male) |
| 12:12 | Create | Fishing Ship |
| 12:14 | Create | Fishing Ship |
| 12:16 | Create | Villager (Male) |
| 12:36 | Create | Fishing Ship |
| 12:39 | Create | Fishing Ship |
| 12:39 | Create | Villager (Male) |
| 12:43 | Research | Feudal Age |
| 12:43 | Research | Feudal Age |
| 12:43 | Research | Feudal Age |
| 12:58 | Create | Fishing Ship |
| 12:58 | Create | Fishing Ship |
| 13:08 | Build | Dock |
| 13:18 | Create | Villager (Male) |
| 13:27 | Build | Mining Camp |
| 13:36 | Create | Fishing Ship |
| 13:49 | Create | Fishing Ship |
| 14:15 | Build | House |
| 14:18 | Create | Villager (Male) |
| 14:56 | Age | Feudal Age |
| 14:58 | Create | Villager (Male) |
| 15:01 | Build | Mill |
| 15:02 | Build | Blacksmith |
| 15:03 | Research | Double-Bit Axe |
| 15:03 | Research | Double-Bit Axe |
| 15:06 | Create | Unit 2626 |
| 15:07 | Create | Unit 2626 |
| 15:07 | Create | Unit 2626 |
| 15:15 | Create | Unit 2626 |
| 15:19 | Create | Unit 2626 |
| 15:21 | Build | Dock |
| 15:23 | Create | Villager (Male) |
| 15:41 | Create | Villager (Male) |
| 15:46 | Create | Unit 2626 |
| 15:46 | Create | Unit 2626 |
| 16:10 | Create | Villager (Male) |
| 16:10 | Create | Villager (Male) |
| 16:12 | Build | House |
| 16:15 | Build | Market |
| 16:48 | Create | Villager (Male) |
| 16:55 | Research | Castle Age |
| 16:55 | Research | Castle Age |
| 16:55 | Research | Castle Age |
| 16:55 | Research | Castle Age |
| 16:55 | Research | Castle Age |
| 16:55 | Research | Castle Age |
| 17:08 | Create | Unit 2626 |
| 17:08 | Create | Unit 2626 |
| 17:09 | Create | Unit 2626 |
| 17:32 | Create | Villager (Male) |
| 17:43 | Create | Unit 2626 |
| 17:43 | Create | Unit 2626 |
| 17:45 | Research | Tech 906 |
| 17:45 | Research | Tech 906 |
| 17:45 | Research | Tech 906 |
| 17:45 | Research | Tech 906 |
| 17:49 | Build | House |
| 17:50 | Build | House |
| 18:03 | Create | Unit 2626 |
| 18:03 | Create | Unit 2626 |
| 18:04 | Create | Villager (Male) |
| 18:07 | Build | Lumber Camp |
| 18:10 | Build | House |
| 18:19 | Research | Gold Mining |
| 18:19 | Research | Gold Mining |
| 18:19 | Research | Gold Mining |
| 18:19 | Research | Gold Mining |
| 18:24 | Create | Villager (Male) |
| 18:48 | Create | Unit 2626 ×2 |
| 18:51 | Create | Unit 2626 ×2 |
| 18:52 | Create | Villager (Male) |
| 18:59 | Create | Fire Galley |
| 18:59 | Create | Fire Galley |
| 19:03 | Create | Fire Galley |
| 19:45 | Age | Castle Age |
| 19:45 | Create | Fire Galley ×3 |
| 19:50 | Create | Villager (Male) |
| 19:55 | Research | War Galley (upgrade) |
| 20:01 | Create | Fire Galley |
| 20:01 | Create | Villager (Male) |
| 20:16 | Create | Villager (Male) |
| 20:20 | Build | Town Center |
| 20:34 | Create | Fire Galley |
Build order — Calais
First 150 of 523 actions detected
| 1:05 | Build | Town Center |
| 1:48 | Build | Dock |
| 1:51 | Build | House |
| 3:01 | Create | Villager (Male) ×4 |
| 3:01 | Create | Villager (Male) ×4 |
| 3:40 | Create | Fishing Ship |
| 4:16 | Build | House |
| 4:42 | Research | Loom |
| 4:43 | Research | Loom |
| 4:52 | Create | Fishing Ship |
| 4:52 | Create | Fishing Ship |
| 5:01 | Create | Villager (Male) |
| 5:01 | Create | Villager (Male) |
| 5:31 | Create | Villager (Male) |
| 5:31 | Create | Villager (Male) |
| 5:35 | Create | Fishing Ship |
| 5:35 | Create | Fishing Ship |
| 6:01 | Create | Villager (Male) |
| 6:02 | Create | Villager (Male) |
| 6:13 | Create | Villager (Male) |
| 6:13 | Create | Villager (Male) |
| 6:23 | Build | House |
| 6:42 | Create | Villager (Male) |
| 6:42 | Create | Villager (Male) |
| 7:08 | Create | Villager (Male) |
| 7:08 | Create | Villager (Male) |
| 7:08 | Create | Fishing Ship |
| 7:26 | Create | Villager (Male) |
| 7:26 | Create | Villager (Male) |
| 7:40 | Create | Villager (Male) |
| 7:41 | Create | Villager (Male) |
| 7:46 | Build | House |
| 7:59 | Create | Fishing Ship |
| 7:59 | Create | Fishing Ship |
| 8:16 | Build | House |
| 8:19 | Create | Villager (Male) |
| 8:19 | Create | Villager (Male) |
| 8:34 | Create | Fishing Ship |
| 8:34 | Create | Fishing Ship |
| 8:38 | Create | Villager (Male) |
| 8:39 | Create | Villager (Male) |
| 8:53 | Build | House |
| 9:03 | Create | Fishing Ship |
| 9:16 | Create | Villager (Male) |
| 9:21 | Build | House |
| 9:48 | Create | Villager (Male) |
| 9:48 | Create | Villager (Male) |
| 9:49 | Create | Fishing Ship |
| 10:17 | Create | Villager (Male) |
| 10:19 | Build | House |
| 10:19 | Create | Villager (Male) |
| 10:20 | Create | Fishing Ship |
| 10:36 | Build | Palisade Wall |
| 10:36 | Build | Palisade Wall |
| 10:46 | Create | Fishing Ship |
| 11:04 | Build | Dock |
| 11:07 | Create | Villager (Male) |
| 11:15 | Build | House |
| 11:16 | Create | Villager (Male) |
| 11:27 | Create | Villager (Male) |
| 11:44 | Create | Fishing Ship |
| 11:49 | Create | Fishing Ship |
| 11:55 | Build | Lumber Camp |
| 12:12 | Build | House |
| 12:26 | Create | Fishing Ship |
| 12:27 | Create | Fishing Ship |
| 12:33 | Build | House |
| 12:43 | Research | Feudal Age |
| 12:50 | Build | Mining Camp |
| 13:14 | Build | Outpost |
| 13:29 | Build | Mill |
| 14:53 | Age | Feudal Age |
| 14:54 | Create | Villager (Male) |
| 14:56 | Build | Blacksmith |
| 15:00 | Build | Market |
| 15:19 | Research | Town Watch |
| 15:24 | Create | Unit 2626 |
| 15:25 | Create | Unit 2626 |
| 15:47 | Research | Castle Age |
| 15:48 | Research | Castle Age |
| 16:03 | Create | Unit 2626 |
| 16:03 | Create | Unit 2626 |
| 16:35 | Build | Dock |
| 16:48 | Research | Double-Bit Axe |
| 16:48 | Research | Double-Bit Axe |
| 17:00 | Research | Tech 906 |
| 18:27 | Age | Castle Age |
| 18:29 | Build | Town Center |
| 18:31 | Build | Town Center |
| 18:37 | Research | Wheelbarrow |
| 18:39 | Create | Villager (Male) |
| 18:50 | Build | Outpost |
| 19:26 | Build | Outpost |
| 19:28 | Create | Villager (Male) |
| 19:28 | Create | Villager (Male) |
| 19:28 | Create | Villager (Male) |
| 19:29 | Create | Villager (Male) |
| 19:29 | Create | Villager (Male) |
| 19:29 | Create | Villager (Male) |
| 19:46 | Research | Gold Mining |
| 19:46 | Research | Gold Mining |
| 19:46 | Research | Bow Saw |
| 19:47 | Research | Bow Saw |
| 20:05 | Create | Villager (Male) |
| 20:05 | Create | Villager (Male) |
| 20:06 | Create | Villager (Male) |
| 20:06 | Create | Villager (Male) |
| 20:27 | Build | Outpost |
| 20:42 | Research | Horse Collar |
| 20:42 | Research | Horse Collar |
| 20:43 | Create | Villager (Male) |
| 20:43 | Create | Villager (Male) |
| 20:44 | Create | Villager (Male) |
| 20:56 | Create | Villager (Male) |
| 20:56 | Create | Villager (Male) |
| 21:06 | Build | House |
| 21:07 | Build | House |
| 21:09 | Build | House |
| 21:14 | Create | Villager (Male) |
| 21:47 | Research | Heavy Plow |
| 21:48 | Research | Heavy Plow |
| 21:49 | Create | Villager (Male) |
| 21:49 | Create | Villager (Male) |
| 21:49 | Create | Villager (Male) |
| 21:54 | Create | Villager (Male) |
| 21:55 | Create | Villager (Male) |
| 21:55 | Create | Villager (Male) |
| 21:58 | Build | Monastery |
| 22:14 | Build | Mill |
| 22:21 | Create | Villager (Male) |
| 22:21 | Create | Villager (Male) |
| 22:24 | Create | Villager (Male) |
| 22:47 | Build | Castle |
| 22:54 | Create | Villager (Male) |
| 22:54 | Create | Villager (Male) |
| 22:56 | Create | Villager (Male) |
| 22:57 | Create | Villager (Male) |
| 22:57 | Create | Villager (Male) |
| 23:05 | Build | Outpost |
| 23:25 | Build | Farm |
| 23:25 | Build | Farm |
| 23:25 | Build | Farm |
| 23:25 | Build | Farm |
| 23:25 | Build | Farm |
| 23:28 | Create | Villager (Male) |
| 23:28 | Create | Villager (Male) |
| 23:29 | Create | Villager (Male) |
| 23:29 | Create | Villager (Male) |
| 23:40 | Build | Lumber Camp |
| 23:43 | Create | Gbeto |
Build order — MC MC MC
First 150 of 507 actions detected
| 0:05 | Build | Town Center |
| 1:33 | Build | Dock |
| 1:35 | Build | House |
| 2:28 | Create | Villager (Male) |
| 2:29 | Create | Villager (Male) |
| 2:29 | Create | Villager (Male) |
| 2:29 | Create | Villager (Male) |
| 2:29 | Create | Villager (Male) |
| 3:26 | Research | Loom |
| 3:26 | Research | Loom |
| 4:15 | Create | Fishing Ship |
| 4:37 | Create | Villager (Male) |
| 4:37 | Create | Villager (Male) |
| 4:37 | Create | Villager (Male) |
| 5:06 | Create | Villager (Male) |
| 5:06 | Create | Villager (Male) |
| 5:27 | Build | House |
| 5:36 | Create | Villager (Male) |
| 5:36 | Create | Villager (Male) |
| 5:36 | Create | Villager (Male) |
| 6:05 | Create | Villager (Male) |
| 6:05 | Create | Villager (Male) |
| 6:08 | Create | Fishing Ship |
| 6:08 | Create | Fishing Ship |
| 6:23 | Build | House |
| 6:30 | Create | Villager (Male) |
| 6:30 | Create | Villager (Male) |
| 6:52 | Create | Villager (Male) |
| 6:56 | Build | House |
| 7:14 | Create | Villager (Male) |
| 7:15 | Create | Villager (Male) |
| 7:25 | Create | Fishing Ship |
| 7:25 | Create | Fishing Ship |
| 7:25 | Create | Fishing Ship |
| 7:54 | Create | Villager (Male) |
| 7:54 | Create | Villager (Male) |
| 8:04 | Create | Fishing Ship |
| 8:04 | Create | Fishing Ship |
| 8:24 | Create | Villager (Male) |
| 8:24 | Create | Villager (Male) |
| 8:38 | Build | House |
| 8:54 | Create | Fishing Ship |
| 8:55 | Create | Fishing Ship |
| 9:15 | Create | Villager (Male) |
| 9:18 | Build | House |
| 9:19 | Create | Fishing Ship |
| 9:19 | Create | Fishing Ship |
| 9:47 | Create | Villager (Male) |
| 9:54 | Build | Mill |
| 10:03 | Create | Villager (Male) |
| 10:15 | Create | Villager (Male) |
| 10:18 | Create | Fishing Ship |
| 10:18 | Create | Fishing Ship |
| 10:31 | Build | House |
| 10:57 | Build | Mining Camp |
| 10:59 | Create | Villager (Male) |
| 11:18 | Create | Fishing Ship |
| 11:19 | Create | Fishing Ship |
| 11:24 | Research | Feudal Age |
| 11:24 | Research | Feudal Age |
| 11:57 | Build | Outpost |
| 12:00 | Create | Villager (Male) |
| 12:02 | Create | Villager (Male) |
| 12:16 | Create | Fishing Ship |
| 12:17 | Create | Fishing Ship |
| 12:43 | Build | Outpost |
| 12:57 | Age | Feudal Age |
| 13:04 | Build | Blacksmith |
| 13:26 | Build | House |
| 13:41 | Build | Market |
| 13:48 | Create | Villager (Male) |
| 13:51 | Create | Villager (Male) |
| 14:11 | Build | House |
| 14:23 | Build | House |
| 14:52 | Research | Castle Age |
| 14:52 | Research | Castle Age |
| 15:09 | Build | Barracks |
| 15:11 | Create | Villager (Male) |
| 15:17 | Build | Lumber Camp |
| 15:40 | Build | Barracks |
| 16:26 | Research | Town Watch |
| 16:27 | Research | Town Watch |
| 16:28 | Age | Castle Age |
| 16:28 | Research | Fletching |
| 16:28 | Research | Fletching |
| 16:34 | Build | Archery Range |
| 16:41 | Build | Watch Tower |
| 16:43 | Create | Spearman |
| 17:01 | Create | Villager (Male) |
| 17:02 | Create | Villager (Male) |
| 17:06 | Create | Archer |
| 17:07 | Create | Archer |
| 17:32 | Create | Spearman |
| 17:36 | Create | Archer |
| 17:43 | Research | Bodkin Arrow |
| 17:43 | Research | Bodkin Arrow |
| 18:18 | Create | Archer |
| 18:24 | Create | Villager (Male) |
| 18:24 | Create | Villager (Male) |
| 18:31 | Create | Archer |
| 18:41 | Build | Siege Workshop |
| 18:46 | Create | Archer |
| 19:04 | Create | Archer |
| 19:05 | Create | Villager (Male) |
| 19:32 | Research | Crossbowman (upgrade) |
| 19:32 | Research | Crossbowman (upgrade) |
| 19:39 | Create | Villager (Male) |
| 19:45 | Build | House |
| 19:46 | Build | House |
| 20:05 | Create | Mangonel |
| 20:05 | Create | Mangonel |
| 20:22 | Research | Wheelbarrow |
| 20:22 | Create | Villager (Male) |
| 20:28 | Build | Mining Camp |
| 20:30 | Create | Archer |
| 20:30 | Create | Archer |
| 21:06 | Create | Battering Ram |
| 21:10 | Create | Villager (Male) |
| 21:15 | Create | Villager (Male) |
| 21:27 | Research | Tech 906 |
| 21:27 | Research | Tech 906 |
| 21:45 | Create | Archer |
| 21:46 | Create | Archer |
| 21:46 | Create | Archer |
| 21:56 | Build | Archery Range |
| 21:59 | Create | Villager (Male) |
| 22:04 | Create | Archer |
| 22:04 | Create | Archer |
| 22:10 | Create | Spearman |
| 22:10 | Create | Spearman |
| 22:26 | Build | Lumber Camp |
| 22:45 | Build | House |
| 22:46 | Create | Archer |
| 22:46 | Create | Archer |
| 23:07 | Build | House |
| 23:08 | Build | House |
| 23:10 | Create | Archer |
| 23:15 | Create | Villager (Male) |
| 23:24 | Create | Archer |
| 23:53 | Create | Archer |
| 23:54 | Build | House |
| 23:56 | Build | Monastery |
| 24:28 | Create | Villager (Male) |
| 24:30 | Build | University |
| 24:53 | Build | Palisade Wall |
| 25:19 | Create | Monk |
| 25:22 | Build | Mining Camp |
| 26:04 | Build | Farm |
| 26:05 | Build | Farm |
| 26:05 | Build | Farm |
Build order — ELEOS | wosm
First 150 of 303 actions detected
| 0:09 | Build | Town Center |
| 1:20 | Build | Dock |
| 2:14 | Build | House |
| 2:40 | Create | Villager (Male) |
| 2:40 | Create | Villager (Male) |
| 2:41 | Create | Villager (Male) |
| 2:42 | Create | Villager (Male) |
| 2:42 | Create | Villager (Male) |
| 4:02 | Create | Villager (Male) |
| 4:02 | Research | Loom |
| 4:09 | Create | Fishing Ship |
| 4:38 | Build | House |
| 5:09 | Create | Villager (Male) |
| 5:12 | Build | House |
| 5:34 | Create | Villager (Male) |
| 5:43 | Create | Fishing Ship |
| 5:50 | Build | Palisade Wall |
| 6:11 | Create | Villager (Male) |
| 6:16 | Build | Palisade Wall |
| 6:35 | Create | Fishing Ship |
| 6:52 | Create | Villager (Male) |
| 7:10 | Create | Fishing Ship |
| 7:34 | Create | Villager (Male) |
| 7:40 | Create | Fishing Ship |
| 7:51 | Build | House |
| 7:53 | Build | House |
| 8:07 | Create | Villager (Male) |
| 8:12 | Create | Fishing Ship |
| 8:21 | Build | Palisade Wall |
| 8:21 | Build | Palisade Wall |
| 8:22 | Build | Palisade Wall |
| 8:37 | Create | Villager (Male) |
| 9:11 | Create | Villager (Male) |
| 9:18 | Build | Palisade Wall |
| 9:20 | Build | Palisade Wall |
| 9:25 | Build | Dock |
| 9:26 | Create | Fishing Ship |
| 9:41 | Create | Fishing Ship |
| 10:01 | Create | Fishing Ship |
| 10:26 | Create | Villager (Male) |
| 10:26 | Create | Villager (Male) |
| 10:27 | Create | Fishing Ship |
| 10:40 | Build | Dock |
| 10:47 | Create | Fishing Ship |
| 10:58 | Create | Villager (Male) |
| 11:09 | Create | Fishing Ship |
| 11:33 | Build | House |
| 11:42 | Create | Fishing Ship |
| 11:46 | Create | Villager (Male) |
| 11:55 | Create | Villager (Male) |
| 11:56 | Create | Villager (Male) |
| 12:14 | Create | Fishing Ship |
| 12:15 | Create | Fishing Ship |
| 12:22 | Build | Mill |
| 12:27 | Create | Villager (Male) |
| 12:29 | Create | Fishing Ship |
| 12:35 | Build | House |
| 12:48 | Create | Villager (Male) |
| 12:48 | Create | Villager (Male) |
| 12:54 | Create | Fishing Ship |
| 13:15 | Create | Villager (Male) |
| 13:18 | Create | Fishing Ship |
| 13:34 | Create | Villager (Male) |
| 13:35 | Create | Fishing Ship |
| 13:51 | Create | Villager (Male) |
| 13:51 | Create | Villager (Male) |
| 13:56 | Create | Fishing Ship |
| 14:05 | Build | Lumber Camp |
| 14:10 | Build | House |
| 14:12 | Build | Palisade Wall |
| 14:22 | Build | Palisade Wall |
| 14:40 | Research | Feudal Age |
| 14:45 | Create | Fishing Ship |
| 14:45 | Create | Fishing Ship |
| 15:01 | Create | Fishing Ship |
| 15:21 | Build | Mining Camp |
| 15:44 | Create | Villager (Male) |
| 15:48 | Build | House |
| 15:50 | Build | Palisade Wall |
| 15:57 | Build | House |
| 16:00 | Build | Palisade Wall |
| 16:09 | Create | Villager (Male) |
| 16:31 | Build | Palisade Wall |
| 16:35 | Build | Palisade Wall |
| 16:41 | Build | Palisade Wall |
| 16:50 | Age | Feudal Age |
| 16:59 | Build | Watch Tower |
| 17:00 | Create | Villager (Male) |
| 17:07 | Build | Market |
| 17:13 | Build | Blacksmith |
| 17:13 | Create | Villager (Male) |
| 17:19 | Build | Palisade Wall |
| 17:30 | Create | Villager (Male) |
| 17:36 | Create | Villager (Male) |
| 17:39 | Create | Villager (Male) |
| 17:44 | Create | Villager (Male) |
| 18:09 | Create | Villager (Male) |
| 18:14 | Research | Double-Bit Axe |
| 18:24 | Create | Villager (Male) |
| 18:24 | Create | Villager (Male) |
| 18:27 | Create | Villager (Male) |
| 18:30 | Build | Barracks |
| 18:35 | Build | Gate |
| 18:41 | Build | Stone Wall |
| 18:47 | Build | Gate |
| 18:49 | Create | Villager (Male) |
| 19:11 | Build | Market |
| 19:25 | Build | House |
| 19:40 | Build | Palisade Wall |
| 19:45 | Build | Lumber Camp |
| 19:55 | Create | Villager (Male) |
| 20:07 | Build | Barracks |
| 20:14 | Create | Villager (Male) |
| 20:20 | Research | Castle Age |
| 20:53 | Create | Villager (Male) |
| 21:01 | Build | Stable |
| 21:09 | Build | Lumber Camp |
| 21:25 | Create | Villager (Male) |
| 21:31 | Build | Outpost |
| 21:49 | Build | Stable |
| 21:51 | Create | Villager (Male) |
| 21:54 | Research | Scale Barding Armor |
| 22:33 | Build | House |
| 22:35 | Create | Villager (Male) |
| 23:00 | Age | Castle Age |
| 23:04 | Create | Knight |
| 23:21 | Build | Town Center |
| 23:59 | Build | House |
| 24:03 | Build | House |
| 24:10 | Create | Knight |
| 24:11 | Create | Villager (Male) |
| 24:44 | Create | Villager (Male) |
| 25:00 | Create | Villager (Male) |
| 25:05 | Create | Galley |
| 25:08 | Create | Transport Ship |
| 25:11 | Build | House |
| 25:41 | Create | Villager (Male) |
| 25:46 | Build | Siege Workshop |
| 26:40 | Create | Villager (Male) |
| 26:44 | Build | House |
| 26:45 | Build | Palisade Wall |
| 26:46 | Build | Palisade Wall |
| 26:49 | Build | House |
| 26:50 | Build | Palisade Wall |
| 26:51 | Build | Palisade Wall |
| 27:17 | Create | Mangonel |
| 27:21 | Create | Villager (Male) |
| 27:28 | Create | Villager (Male) |
| 28:02 | Create | Villager (Male) |
| 28:29 | Create | Villager (Male) |
Match timeline
| 0:23 | Overcome · first_building Dock |
| 0:37 | ELEOS | ElNoniro · first_building Dock |
| 0:58 | ELEOS | Xarkey · first_building Dock |
| 1:06 | Vazero · first_building Dock |
| 1:15 | Vazero · wall_segment Palisade Wall x1 |
| 1:20 | ELEOS | wosm · first_building Dock |
| 1:25 | rono · first_building Dock |
| 1:33 | MC MC MC · first_building Dock |
| 1:46 | Overcome · wall_segment Palisade Wall x1 |
| 1:47 | Overcome · wall_segment Palisade Wall x1 |
| 1:48 | Calais · first_building Dock |
| 5:50 | ELEOS | wosm · wall_segment Palisade Wall x6 |
| 6:16 | ELEOS | wosm · wall_segment Palisade Wall x1 |
| 6:25 | Overcome · wall_segment Palisade Wall x1 |
| 6:47 | Vazero · wall_segment Palisade Wall x1 |
| 8:15 | rono · wall_segment Palisade Wall x1 |
| 8:21 | ELEOS | wosm · wall_segment Palisade Wall x1 |
| 8:21 | ELEOS | wosm · wall_segment Palisade Wall x1 |
| 8:22 | ELEOS | wosm · wall_segment Palisade Wall x1 |
| 9:18 | ELEOS | wosm · wall_segment Palisade Wall x5 |
| 9:20 | ELEOS | wosm · wall_segment Palisade Wall x13 |
| 10:36 | Calais · wall_segment Palisade Wall x1 |
| 10:36 | Calais · wall_segment Palisade Wall x1 |
| 12:11 | Overcome · age_up feudal |
| 12:57 | MC MC MC · age_up feudal |
| 13:41 | ELEOS | Xarkey · wall_segment Palisade Wall x1 |
| 13:43 | ELEOS | Xarkey · wall_segment Palisade Wall x1 |
| 13:46 | rono · age_up feudal |
| 14:12 | ELEOS | wosm · wall_segment Palisade Wall x8 |
| 14:21 | rono · first_building Barracks |
| 14:22 | ELEOS | wosm · wall_segment Palisade Wall x4 |
| 14:49 | ELEOS | Xarkey · wall_segment Palisade Wall x1 |
| 14:53 | Calais · age_up feudal |
| 14:56 | ELEOS | ElNoniro · age_up feudal |
| 15:09 | MC MC MC · first_building Barracks |
| 15:13 | ELEOS | Xarkey · age_up feudal |
| 15:50 | Overcome · first_building Barracks |
| 15:50 | Vazero · age_up feudal |
| 15:50 | ELEOS | wosm · wall_segment Palisade Wall x1 |
| 16:00 | ELEOS | wosm · wall_segment Palisade Wall x1 |
| 16:28 | MC MC MC · age_up castle |
| 16:31 | ELEOS | wosm · wall_segment Palisade Wall x4 |
| 16:34 | MC MC MC · first_building Archery Range |
| 16:35 | ELEOS | wosm · wall_segment Palisade Wall x4 |
| 16:41 | ELEOS | wosm · wall_segment Palisade Wall x4 |
| 16:50 | ELEOS | wosm · age_up feudal |
| 16:54 | ELEOS | ElNoniro · first_market_sell 100 food |
| 17:19 | ELEOS | wosm · wall_segment Palisade Wall x1 |
| 17:39 | ELEOS | Xarkey · first_market_sell 100 wood |
| 18:02 | Overcome · first_building Stable |
| 18:11 | rono · first_building Archery Range |
| 18:27 | Calais · age_up castle |
| 18:30 | ELEOS | wosm · first_building Barracks |
| 18:41 | MC MC MC · first_building Siege Workshop |
| 18:41 | ELEOS | wosm · wall_segment Stone Wall x1 |
| 19:29 | Vazero · age_up castle |
| 19:39 | Vazero · wall_segment Palisade Wall x1 |
| 19:40 | ELEOS | wosm · wall_segment Palisade Wall x1 |
| 19:45 | ELEOS | ElNoniro · age_up castle |
| 19:48 | Vazero · wall_segment Palisade Wall x1 |
| 20:20 | ELEOS | wosm · first_market_sell 100 food |
| 21:01 | ELEOS | wosm · first_building Stable |
| 21:10 | ELEOS | Xarkey · age_up castle |
| 21:25 | Overcome · age_up castle |
| 21:31 | rono · age_up castle |
| 21:58 | Calais · first_building Monastery |
| 22:37 | Calais · first_market_buy 100 stone |
| 22:43 | ELEOS | wosm · first_market_buy 100 stone |
| 22:47 | Calais · first_building Castle |
| 22:49 | ELEOS | ElNoniro · first_market_buy 100 stone |
| 23:00 | ELEOS | wosm · age_up castle |
| 23:25 | ELEOS | Xarkey · wall_segment Palisade Wall x6 |
| 23:27 | ELEOS | Xarkey · wall_segment Palisade Wall x1 |
| 23:33 | Overcome · first_building Siege Workshop |
| 23:33 | ELEOS | ElNoniro · first_building Monastery |
| 23:36 | Vazero · first_building Barracks |
| 23:44 | Vazero · first_market_sell 100 food |
| 23:47 | Vazero · first_building Monastery |
| 23:52 | Calais · wall_segment Stone Wall x1 |
| 23:56 | MC MC MC · first_building Monastery |
| 24:02 | ELEOS | Xarkey · first_building Barracks |
| 24:10 | rono · first_building Siege Workshop |
| 24:23 | Vazero · first_building Stable |
| 24:42 | Vazero · wall_segment Stone Wall x1 |
| 24:53 | ELEOS | Xarkey · first_market_buy 100 stone |
| 24:53 | MC MC MC · wall_segment Palisade Wall x1 |
| 25:05 | ELEOS | Xarkey · first_building Castle |
| 25:08 | ELEOS | Xarkey · first_building Archery Range |
| 25:10 | rono · first_building Stable |
| 25:29 | ELEOS | Xarkey · wall_segment Stone Wall x2 |
| 25:46 | ELEOS | wosm · first_building Siege Workshop |
| 25:59 | ELEOS | Xarkey · first_building Stable |
| 26:18 | MC MC MC · first_market_buy 100 wood |
| 26:45 | ELEOS | wosm · wall_segment Palisade Wall x1 |
| 26:46 | ELEOS | wosm · wall_segment Palisade Wall x1 |
| 26:50 | ELEOS | wosm · wall_segment Palisade Wall x1 |
| 26:51 | ELEOS | wosm · wall_segment Palisade Wall x1 |
| 26:59 | Vazero · first_market_buy 100 stone |
| 27:01 | Vazero · first_building Castle |
| 27:14 | Calais · first_building Barracks |
| 27:52 | Calais · first_building Stable |
| 27:54 | Calais · first_building Siege Workshop |
| 28:22 | ELEOS | ElNoniro · first_building Castle |
| 28:49 | rono · first_building Monastery |
| 28:54 | Vazero · age_up imperial |
| 30:01 | Calais · age_up imperial |
| 31:03 | rono · first_building Castle |
| 31:17 | Overcome · first_market_buy 100 stone |
| 32:10 | ELEOS | ElNoniro · tribute_sent a jugador 1 |
| 32:10 | ELEOS | ElNoniro · tribute_sent a jugador 2 |
| 32:10 | ELEOS | ElNoniro · tribute_sent a jugador 3 |
| 32:10 | ELEOS | ElNoniro · tribute_sent a jugador 5 |
| 32:10 | ELEOS | ElNoniro · tribute_sent a jugador 6 |
| 32:10 | ELEOS | ElNoniro · tribute_sent a jugador 7 |
| 32:10 | ELEOS | ElNoniro · tribute_sent a jugador 8 |
| 32:24 | Overcome · first_building Castle |
| 34:10 | MC MC MC · first_building Castle |
| 34:21 | ELEOS | ElNoniro · first_building Siege Workshop |
| 34:57 | ELEOS | ElNoniro · age_up imperial |
| 34:59 | MC MC MC · wall_segment Stone Wall x15 |
| 36:43 | ELEOS | Xarkey · age_up imperial |
| 38:07 | Overcome · age_up imperial |
| 39:04 | ELEOS | Xarkey · first_building Siege Workshop |
| 39:14 | MC MC MC · first_market_sell 100 stone |
| 40:05 | Vazero · wall_segment Stone Wall x1 |
| 40:13 | Vazero · wall_segment Stone Wall x1 |
| 40:59 | MC MC MC · age_up imperial |
| 42:18 | Calais · wall_segment Stone Wall x13 |
| 42:26 | Calais · wall_segment Stone Wall x13 |
| 42:38 | ELEOS | wosm · wall_segment Palisade Wall x2 |
| 42:38 | ELEOS | wosm · wall_segment Palisade Wall x2 |
| 42:40 | ELEOS | wosm · wall_segment Palisade Wall x3 |
| 42:41 | ELEOS | wosm · wall_segment Palisade Wall x4 |
| 42:43 | ELEOS | wosm · wall_segment Palisade Wall x4 |
| 42:44 | ELEOS | wosm · wall_segment Palisade Wall x2 |
| 42:44 | ELEOS | wosm · wall_segment Palisade Wall x4 |
| 43:24 | Calais · wall_segment Stone Wall x6 |
| 44:16 | Overcome · first_market_sell 500 stone |
| 47:51 | Vazero · resign |
[ AI ANALYSIS · 1 CREDIT ]
What really happened in this match?
Wolo.gg analyzes every decision: build order, eco, micro, common mistakes by bracket. Personalized analysis on WhatsApp or Discord in 30 seconds.
Civ guide
Burgundians
Perfil
Jugador #4278050